 Dungeon Crawl Stone Soup version 0.21-a0-442-g848f44b (webtiles) character file.

107 KristoblXynda the Slasher (level 4, -2/38 HPs)
             Began as a Draconian Fighter on Nov 14, 2017.
             Killed by nerve-wracking pain
             ... invoked by Grinder
              (12 damage)
             ... on level 3 of the Dungeon.
             The game lasted 00:03:21 (1361 turns).

KristoblXynda the Slasher (Draconian Fighter)       Turns: 1361, Time: 00:03:22

Health: -2/38      AC:  5    Str: 23    XL:     4   Next: 57%
Magic:  4/4        EV: 10    Int:  9    God:
Gold:   129        SH:  9    Dex: 11    Spells: 3/3 levels left

rFire    . . .     SeeInvis .   a - +0 long sword
rCold    . . .     Gourm    .   b - +0 shield
rNeg     . . .     Faith    .   (armour unavailable)
rPois    .         Spirit   .   (helmet restricted)
rElec    .         Reflect  .   f - scarf {cloud immunity}
rCorr    .         Harm     .   (no gloves)
MR       .....                  (no boots)
Stlth    +.........             (no amulet)
HPRegen  0.12/turn              (no ring)
MPRegen  0.09/turn              (no ring)

@: mighty
A: unfitting armour, cold-blooded, AC +5
a: no special abilities


You were on level 3 of the Dungeon.
You were not hungry.

You visited 1 branch of the dungeon, and saw 3 of its levels.

You collected 129 gold pieces.

Inventory:

Hand Weapons
 a - a +0 long sword (weapon)
Armour
 b - a +0 shield (worn)
 f - a scarf of cloud immunity (worn)
Jewellery
 j - an uncursed amulet of faith
 k - a cursed ring of protection from magic {unknown}
Scrolls
 e - a scroll of enchant weapon {unknown}
 h - 2 scrolls of enchant armour {unknown}
 l - a scroll of remove curse {unknown}
 o - 3 scrolls of identify {unknown}
 q - a scroll of teleportation {unknown}
Potions
 c - a potion of might
 g - a potion of heal wounds {unknown}
 i - 2 potions of agility
 m - a potion of berserk rage {unknown}
 p - a potion of degeneration {unknown}
 r - a potion of lignification {unknown}
Comestibles
 d - a bread ration
 n - 4 fruits
 s - 5 chunks of flesh


   Skills:
 - Level 3.2 Fighting
 * Level 4.1 Long Blades
 - Level 2.6 Dodging
 + Level 3.9 Shields


You had 3 spell levels left.
You didn't know any spells.

Dungeon Overview and Level Annotations

Branches:
Dungeon (3/15)

Altars:
Ashenzari
Okawaru

Annotations:
D:3 Grinder


Innate Abilities, Weirdness & Mutations

Your plain brown scales are hard. (AC +5)
You cannot fit into any form of body armour.
You are cold-blooded and may be slowed by cold attacks.


Message History

There is an open door here.
Grinder comes into view.
Grinder shouts!
You hear a shout!
Grinder is nearby!
Grinder is nearby!
Grinder is nearby!
Grinder is nearby!
Found a stone staircase leading up.
Grinder gestures at you.
You suddenly lose the ability to move!
Grinder blinks!
You can move again.
An orc comes into view. It is wielding a flail.
You feel very mighty all of a sudden. Grinder gestures at you.
Pain shoots through your body!
* * * LOW HITPOINT WARNING * * *
Grinder gestures at you. Pain shoots through your body!
You die...

........)........#.......o
.................#.......
......##.........#......
......##...........#...+
[.....##....#'##...#...+
......##....#.##...#.<.#
.##...###.#.#.##.###...###.
.##...###.#.#....#.........
.###....#......5@........#.
...........................
........#.#...#.##...####..
.....##.# #...#.##...# .
........# #...#.##.###
###)#.#.# #...#.##.#
#)#.#.#.#...#....#
###))........ #. ###
....#...#....


You could see Grinder.

Vanquished Creatures
  Robin (D:3)
  3 adders (D:2)
  A worm (D:2)
  2 dart slugs (D:1)
  7 bats
  4 giant cockroaches
  19 goblins
  9 hobgoblins
  2 jackals (D:3)
  3 frilled lizards (D:1)
  2 kobolds (D:2)
  2 rats (D:1)
55 creatures vanquished.

Notes
Turn   | Place    | Note
-------+----------+-------------------------------------------
     0 | D:1      | KristoblXynda the Draconian Fighter began the quest for the Orb.
     0 | D:1      | Reached XP level 1. HP: 19/19 MP: 1/1
    71 | D:1      | Reached XP level 2. HP: 26/26 MP: 2/2
   371 | D:1      | Reached skill level 3 in Long Blades
   721 | D:2      | Reached XP level 3. HP: 27/31 MP: 3/3
   913 | D:2      | Reached XP level 4. HP: 6/38 MP: 4/4
  1248 | D:2      | Found an iron altar of Okawaru.
  1265 | D:3      | Noticed Robin
  1291 | D:3      | Killed Robin
  1291 | D:3      | Reached skill level 4 in Long Blades
  1313 | D:3      | Found a shattered altar of Ashenzari.
  1347 | D:3      | Noticed Grinder
  1349 | D:3      | Paralysed by Grinder for 4 turns
  1361 | D:3      | Killed from afar by Grinder

Vault maps used:
D:1:      ncdulo_watergridlock
D:2:      kennysheep_okawaru_gauntlet
D:3:      grunt_temple_overflow_order_and_chaos_1, ashenzari_altar_1,
          chequers_ecumenical_altar_lobes, fedhas_altar_3, uniq_sigmund,
          uniq_grinder, uniq_robin

Skill      XL: |  1  2  3  4 |
---------------+-------------+-----
Long Blades    | 3 4 |  4.1
Fighting       | |  3.2
Dodging        | |  2.6
Shields        | |  3.9

Action                   |  1- 3 |  4- 6 || total
-------------------------+-------+-------++-------
Melee: Long sword        |    90 |    48 ||   138
       Tailslap          |    10 |     6 ||    16
  Use: Potion            |     1 |     1 ||     2
  Eat: Chunk             |       |     2 ||     2
Armor: Skin              |    33 |    16 ||    49
Dodge: Dodged            |    38 |    35 ||    73
Block: Shield            |    43 |    33 ||    76
       Rpst.: Long sword |    18 |    14 ||    32

Table legend:
 A = Spawn XP
 B = Non-spawn XP
 C = Spawn XP percentage of total XP
 D = Spawn monster count
 E = Non-spawn monster count
 F = Spawn count percentage of total count
 G = Total turns spent on level
                    A         B        C        D         E        F      G
               +---------+---------+-------+---------+---------+-------+---------
         Total |       0 |     154 |   0.0 |       0 |      55 |   0.0 |  1361
               +---------+---------+-------+---------+---------+-------+---------
           D:1 |       0 |      36 |   0.0 |       0 |      20 |   0.0 |   691
           D:2 |       0 |      73 |   0.0 |       0 |      18 |   0.0 |   568
           D:3 |       0 |      45 |   0.0 |       0 |      17 |   0.0 |   102
               +---------+---------+-------+---------+---------+-------+---------
